 Seeded DCSS version 0.29.1-15-g9cfb28693d (webtiles) character file.

Game seed: 16245865983455551772 (custom seed)

189 Darius099 the Sneak (level 5, -3/34 HPs)
             Began as an Octopode Brigand on Mar 8, 2023.
             Slain by an orc
             ... wielding a +0 trident
              (7 damage)
             ... on level 3 of the Dungeon.
             The game lasted 00:04:39 (2771 turns).

Darius099 the Sneak (Octopode Brigand)              Turns: 2771, Time: 00:04:40

Health: -3/34      AC:  1    Str: 13    XL:     5   Next: 68%
Magic:  5/5        EV: 13    Int: 25    God:
Gold:   1325       SH:  0    Dex: 16    Spells: 4/4 levels left

rFire   . . .      SeeInvis +   o - +5 quick blade
rCold   . . .      Faith    .   (no shield)
rNeg    . . .      Spirit   .   (helmet restricted)
rPois   .          Reflect  .   (no amulet)
rElec   .          Harm     .   h - +6 ring of intelligence
rCorr   .          Rampage  .   i - +6 ring of intelligence
Will    +....                   n - ring of Xecee {Will+ Str+3 SInv}
Stlth   +++++.....              (no ring)
HPRegen 0.11/turn               (no ring)
MPRegen 0.09/turn               (no ring)
                                (no ring)
                                (no ring)

@: no status effects
A: almost no armour, amphibious, 8 rings, camouflage 1, gelatinous body 1,
(nimble swimmer 1), tentacles
a: no special abilities


You were on level 3 of the Dungeon.
You visited 1 branch of the dungeon, and saw 3 of its levels.

You collected 1325 gold pieces.

Inventory:

Hand Weapons
 o - a +5 quick blade (weapon)
Missiles
 b - 11 poisoned darts (quivered)
 c - 3 curare-tipped darts
Jewellery
 h - a +6 ring of intelligence (left tentacle)
 i - a +6 ring of intelligence (right tentacle)
 n - the ring of Xecee (on tentacle) {Will+ Str+3 SInv}
   (You acquired it on level 2 of the Dungeon)

   [ring of see invisible]

   Str:       It affects your strength (+3).
   SInv:      It lets you see invisible.
   Will:      It increases your willpower.
 p - an amulet of regeneration
Wands
 a - a wand of roots (4)
Scrolls
 d - a scroll of noise {unknown}
 g - 2 scrolls of teleportation {unknown}
 k - 2 scrolls of identify {unknown}
 l - a scroll of enchant weapon {unknown}
 m - a scroll of summoning {unknown}
Potions
 e - a potion of might {unknown}
 f - 2 potions of flight {unknown}
 j - a potion of lignification {unknown}


   Skills:
 - Level 2.0 Fighting
 + Level 4.2 Short Blades
 - Level 2.0 Throwing
 - Level 1.0 Dodging
 + Level 7.6 Stealth


You had 4 spell levels left.
You didn't know any spells.
Your spell library contained the following spells:

 Spells                   Type           Power      Damage    Failure   Level
 Sting                    Tmut/Pois      0%         1d3       14%         1
 Poisonous Vapours        Pois/Air       0%         N/A       21%         2
 Olgreb's Toxic Radiance  Pois           0%         N/A       80%         4
 Chain Lightning          Conj/Air       0%         N/A       100%        9
 Fire Storm               Conj/Fire      0%         5d1       100%        9
 Shatter                  Erth           0%         3d5*      100%        9


Dungeon Overview and Level Annotations

Branches:
Dungeon (3/15)

Altars:

Shops:
D:3 [


Innate Abilities, Weirdness & Mutations

You cannot wear most types of armour.
You are amphibious.
You can wear up to eight rings at the same time.
Your skin changes colour to match your surroundings (Stealth+).
Your rubbery body absorbs attacks. (AC +1, EV +1)
((You are camouflaged when in or above water. (Stealth+)))
You have tentacles for arms and can constrict up to eight enemies at once.


Message History

You are too injured to fight recklessly!
You are too injured to fight recklessly!
You are too injured to fight recklessly!
You hit the orc priest but do no damage.
You grab the orc priest.
The orc priest is heavily wounded.
You constrict the orc priest. You puncture the orc priest!
You kill the orc priest!
The rat barely misses you. The orc closely misses you.
The orc hits you from afar with a +0 trident.
The hobgoblin barely misses you.
You barely miss the orc. You grab the orc. You constrict the orc.
You hit the orc but do no damage.
The orc is lightly wounded.
You constrict the orc. The hobgoblin closely misses you.
The orc hits you with a +0 club.
* * * LOW HITPOINT WARNING * * *
The rat misses you.
The orc hits you from afar with a +0 trident.
* * * LOW HITPOINT WARNING * * *
You hit the orc.
You kill the orc!
You hit the hobgoblin. Your grab misses the hobgoblin.
The hobgoblin is severely wounded.
The hobgoblin closely misses you. The orc misses you.
The rat barely misses you.
You barely miss the hobgoblin. Your grab misses the hobgoblin.
The hobgoblin is severely wounded.
You hit the hobgoblin.
You kill the hobgoblin!
The rat bites you.
* * * LOW HITPOINT WARNING * * *
The orc closely misses you.
You barely miss the rat. You grab the rat.
You constrict the rat, but do no damage.
You hit the rat.
You kill the rat!
The orc hits you from afar with a +0 trident!
You die...

....#.# ###.#.#.........#........
.####.#####.#.###################
.# #.#...#...# .# #.#...###.# .#
#.#...# #.########## .# #.#...#
#.#......... .# #.#...#
#.#......... .####.#...#
#.#..)o.....
..........###.'.@)......
#.............#.?†......
#.#############......... #.#...#
#<# #......... #.....# #.#
####'##... #####.# #.# .# .. #.#
#.# .. . #.# #.# ... #.# #.#


You could see an orc.

Vanquished Creatures
  An orc priest (D:3)
  Jessica (D:2)
  2 orc wizards (D:3)
  Natasha (D:3)
  An adder (D:2)
  4 orcs (D:3)
  4 ball pythons
  3 bats
  5 endoplasms
  2 goblins (D:1)
  6 hobgoblins
  4 kobolds
  3 quokkas (D:1)
  3 frilled lizards
  7 rats
47 creatures vanquished.

Vanquished Creatures (others)
  2 plants (D:3)
2 creatures vanquished.

Grand Total: 49 creatures vanquished

Notes
Turn   | Place    | Note
-------+----------+-------------------------------------------
     0 | D:1      | Darius099 the Octopode Brigand began the quest for the Orb.
     0 | D:1      | Reached XP level 1. HP: 14/14 MP: 1/1
   360 | D:1      | Reached XP level 2. HP: 14/19 MP: 2/2
   585 | D:1      | Found a faded altar of an unknown god.
  1038 | D:1      | Reached skill level 6 in Stealth
  1227 | D:1      | Reached XP level 3. HP: 13/24 MP: 3/3
  1562 | D:2      | Noticed Jessica
  1566 | D:2      | Killed Jessica
  1567 | D:2      | Reached XP level 4. HP: 29/29 MP: 4/4
  2159 | D:2      | Identified 3 scrolls of acquirement
  2159 | D:2      | Acquired the ring of Xecee {Will+ Str+3 SInv}
  2162 | D:2      | Acquired a +5 quick blade
  2177 | D:2      | Acquired 1203 gold pieces
  2450 | D:3      | Found Ymmy Ciutu's Antique Armour Shoppe.
  2472 | D:3      | Reached skill level 7 in Stealth
  2472 | D:3      | Reached XP level 5. HP: 21/34 MP: 5/5
  2648 | D:3      | Noticed Natasha
  2654 | D:3      | Killed Natasha
  2771 | D:3      | Slain by an orc

Illustrated notes

Levels and vault maps discovered:
D:1:      minmay_arrival_hallway, layout_loops_corners, basic_ecumenical_altar,
          minmay_unequal
D:2:      layout_loops_ring, uniq_jessica
D:3:      layout_basic, serial_shops, nicolae_shop_advertising_works
          [nicolae_subvault_shop_adworks], minmay_shallow_snake_nest,
          uniq_natasha

Skill      XL: |  1  2  3  4  5 |
---------------+----------------+-----
Stealth        | 6 7 |  7.6
Short Blades   | 3 4 |  4.2
Fighting       | |  2.0
Throwing       | |  2.0
Dodging        | |  1.0

Action                   |  1- 3 |  4- 6 || total
-------------------------+-------+-------++-------
Melee: Dagger            |    34 |     2 ||    36
       Constrict         |     5 |     9 ||    14
       Tentacles         |     2 |     5 ||     7
       Quick blade       |       |    45 ||    45
  Use: Scroll            |       |     3 ||     3
 Stab: Sleeping          |    12 |    10 ||    22
Armor: Skin              |       |     1 ||     1
Dodge: Dodged            |     4 |    20 ||    24
